 Dungeon Crawl Stone Soup version 0.25.0-9-g26727b657a (webtiles) character file.

Game seed: 13972781418337370325

63 protoss039 the Firebug (level 4, -4/27 HPs)
             Began as an Octopode Fire Elementalist on June 18, 2020.
             Slain by a gnoll
             ... wielding a +0 whip
              (8 damage)
             ... on level 2 of the Dungeon.
             The game lasted 00:04:53 (2352 turns).

protoss039 the Firebug (Octopode Fire Elementalist) Turns: 2352, Time: 00:04:53

Health: -4/27      AC:  1    Str:  7    XL:     4   Next: 9%
Magic:  7/7        EV: 13    Int: 18    God:
Gold:   71         SH:  0    Dex: 12    Spells: 3/7 levels left

rFire    . . .     SeeInvis .   a - +0 dagger
rCold    . . .     Gourm    .   (no shield)
rNeg     . . .     Faith    .   (helmet restricted)
rPois    .         Spirit   .   (no amulet)
rElec    .         Reflect  .   j - ring of wizardry
rCorr    .         Harm     .   m - ring of stealth
MR       .....                  (no ring)
Stlth    ++++......             (no ring)
HPRegen  0.09/turn              (no ring)
MPRegen  0.10/turn              (no ring)
                                (no ring)
                                (no ring)

@: no status effects
A: almost no armour, stealthy swim, amphibious, 8 rings, constrict 8, camouflage
1, gelatinous body 1
a: no special abilities


You were on level 2 of the Dungeon.
You were hungry.

You visited 1 branch of the dungeon, and saw 2 of its levels.

You collected 71 gold pieces.

Inventory:

Hand Weapons
 a - a +0 dagger (weapon)
Jewellery
 j - a ring of wizardry (left tentacle)
 m - a ring of stealth (right tentacle)
Scrolls
 c - 2 scrolls of remove curse {unknown}
 e - a scroll of blinking {unknown}
 i - 2 scrolls of teleportation {unknown}
 n - a scroll of enchant weapon {unknown}
 o - a scroll of identify {unknown}
Potions
 d - a potion of berserk rage {unknown}
 f - a potion of curing {unknown}
 g - a potion of stabbing {unknown}
 h - a potion of flight {unknown}
 k - a potion of cancellation {unknown}
Comestibles
 b - 3 rations


   Skills:
 + Level 0.4 Fighting
 + Level 1.3 Short Blades
 - Level 2.0 Dodging
 - Level 2.6 Stealth
 + Level 2.2 Spellcasting
 + Level 1.0 Conjurations
 + Level 4.2 Fire Magic


You had 3 spell levels left.
You knew the following spells:

 Your Spells              Type           Power        Failure   Level  Hunger
a - Foxfire               Conj/Fire      ##..         2%          1    #......
b - Conjure Flame         Conj/Fire      ##......     8%          3    ###....

Your spell library contained the following spells:

 Spells                   Type           Power        Failure   Level  Hunger
 Inner Flame              Hex/Fire       #.......     9%          3    ###....
 Sticky Flame             Conj/Fire      ##......     24%         4    #####..
 Fireball                 Conj/Fire      ##........   52%         5    ######.


Dungeon Overview and Level Annotations

Branches:
Dungeon (2/15)

Altars:
Ashenzari


Innate Abilities, Weirdness & Mutations

You cannot wear most types of armour.
You are very stealthy in the water. (Stealth+)
You are amphibious.
You can wear up to eight rings at the same time.
You can use your tentacles to constrict eight enemies at once.
Your skin changes colour to match your surroundings (Stealth+).
Your rubbery body absorbs attacks. (AC +1, EV +1)


Message History

You conjure some foxfire!
The gnoll hits you from afar with a +0 spear!
* * * LOW HITPOINT WARNING * * *
The gnoll hits you with a +0 whip.
* * * LOW HITPOINT WARNING * * *
The foxfire hits the gnoll.
The gnoll is heavily wounded.
Found 17 stones.
The foxfire hits the gnoll.
The gnoll is severely wounded.
Unknown command.
You see here 6 gold pieces.
Unknown command.
Unknown command.
A kobold comes into view. It is wielding a +0 club.
The gnoll closely misses you.
There is a stone staircase leading up here.
Unknown command.
The gnoll hits you with a +0 whip!
You die...

#.###.# #.....#
##########.######### ###
#..................# ..#
#.########g#######.# #.# #)# #g#
#.# #.## #.# #.#######.## ...#
#.########.#......... ...#
##...@g.gg..#.###..... ..)#
#...##.####.# #.#.#.
...#########.#.....###.#. #.#.#.
...............##.)......# #.#...
.#.#.############..###.....#.#...
.#.#.# #..# ##..#.#..... .#.#.##
########..# #..#.#...## ........
..........# #..#.#..... .###.###
#.######.## #..#.#..#..


You could see 3 gnolls.

Vanquished Creatures
  An adder (D:2)
  An ooze (D:1)
  2 dart slugs (D:1)
  A leopard gecko (D:1)
  5 bats (D:1)
  4 giant cockroaches
  4 hobgoblins (D:1)
  3 jackals (D:1)
  5 kobolds
  3 frilled lizards (D:1)
  6 goblins
  5 rats
40 creatures vanquished.

Vanquished Creatures (collateral kills)
  A quokka (D:2)
1 creature vanquished.

Vanquished Creatures (others)
  40 foxfires
40 creatures vanquished.

Grand Total: 81 creatures vanquished

Notes
Turn   | Place    | Note
-------+----------+-------------------------------------------
     0 | D:1      | protoss039 the Octopode Fire Elementalist began the quest
                  | for the Orb.
     0 | D:1      | Reached XP level 1. HP: 11/11 MP: 3/3
    59 | D:1      | Reached XP level 2. HP: 4/17 MP: 1/5
  1032 | D:1      | Reached XP level 3. HP: 13/21 MP: 6/6
  1394 | D:1      | Reached skill level 4 in Fire Magic
  1396 | D:1      | Reached skill level 1 in Short Blades
  1658 | D:1      | Learned a level 3 spell: Conjure Flame
  1892 | D:2      | Reached XP level 4. HP: 7/27 MP: 4/7
  2118 | D:2      | Found a shattered altar of Ashenzari.
  2321 | D:2      | HP: 1/27 [gnoll/+0 whip (2)]
  2352 | D:2      | Slain by a gnoll

Illustrated notes

Levels and vault maps discovered:
D:1:      co_arrival_random_square_maze, layout_basic, minmay_tromino_mix6
D:2:      layout_loops_ring, lemuel_round_altar, evilmike_ruin_ashenzari,
          nicolae_ru_great_annihilating_truth

Skill      XL: |  1  2  3 |
---------------+----------+-----
Fire Magic     | 4 |  4.2
Short Blades   | 1 |  1.3
Fighting       | |  0.4
Dodging        | |  2.0
Stealth        | |  2.6
Spellcasting   | |  2.2
Conjurations   | |  1.0

Action                   |  1- 3 |  4- 6 || total
-------------------------+-------+-------++-------
Melee: Dagger            |    66 |     7 ||    73
       Unarmed           |     5 |       ||     5
       Tentacles         |    16 |     2 ||    18
       Constrict         |    14 |     2 ||    16
 Cast: Foxfire           |    21 |     8 ||    29
 Stab: Sleeping          |     5 |       ||     5
  Eat: Chunk             |     3 |     1 ||     4
Armor: Skin              |    14 |     2 ||    16
Dodge: Dodged            |    82 |     9 ||    91
